 Dungeon Crawl Stone Soup version 0.29.0-4-gdea44cf6ec (webtiles) character file.

Game seed: 9525085468783169088

36 qw the Ruffian (level 3, -6/28 HPs)
             Began as a Ghoul Fire Elementalist on Aug 30, 2022.
             Mangled by Sigmund
             ... wielding a +0 scythe
              (8 damage)
             ... on level 2 of the Dungeon.
             The game lasted 00:00:58 (1303 turns).

qw the Ruffian (Ghoul Fire Elementalist)            Turns: 1303, Time: 00:00:59

Health: -6/28      AC:  5    Str: 13    XL:     3   Next: 37%
Magic:  4/4        EV: 10    Int: 10    God:
Gold:   34         SH:  0    Dex:  9    Spells: 4/5 levels left

rFire   . . .      SeeInvis .     - Unarmed
rCold   + . .      Faith    .   (no shield)
rNeg    + + +      Spirit   .   c - +0 ring mail
rPois   inf        Reflect  .   (no helmet)
rElec   .          Harm     .   (no cloak)
rCorr   .          Rampage  .   (no gloves)
Will    .....                   (no boots)
Stlth   +.........              (no amulet)
HPRegen 0.00/turn               (no ring)
MPRegen 0.09/turn               (no ring)

@: inhibited regen
A: claws 1, cold resistance 1, negative energy resistance 3, inhibited
regeneration, torment resistance 2, devour on kill
a: no special abilities


You were on level 2 of the Dungeon.
You visited 1 branch of the dungeon, and saw 2 of its levels.

You collected 34 gold pieces.


Innate Abilities, Weirdness & Mutations

You are immune to poison.
You have sharp fingernails.
Your flesh is cold resistant. (rC+)
You are immune to negative energy. (rN+++)
You do not regenerate when monsters are visible.
You are immune to unholy pain and torment.
You thrive by killing the living.


   Skills:
 - Level 1.2 Fighting
 - Level 1.7 Dodging
 - Level 2.1 Stealth
 + Level 2.8 Unarmed Combat
 - Level 1.7 Spellcasting
 - Level 0.7 Conjurations
 - Level 2.4 Fire Magic


You had 4 spell levels left.
You knew the following spells:

 Your Spells              Type           Power      Damage    Failure   Level
a - Foxfire               Conj/Fire      16%        2x1d4     36%         1

Your spell library contained the following spells:

 Spells                   Type           Power      Damage    Failure   Level
 Scorch                   Fire           10%        2d5       36%         2
 Conjure Flame            Conj/Fire      4%         6-21      73%         3
 Inner Flame              Hex/Fire       3%         N/A       78%         3
 Flame Wave               Conj/Fire      4%         2d5       98%         4

Inventory:

Armour
 c - a +0 ring mail (worn)
Scrolls
 a - a scroll of vulnerability {unknown}
 b - a scroll of noise {unknown}
 e - a scroll of immolation {unknown}
Potions
 d - a potion of attraction {unknown}

Dungeon Overview and Level Annotations

Branches:
Dungeon (2/15)

Altars:

Annotations:
D:2 Sigmund


Message History

An adder comes into view.
1286 ||| Stepping ~*~*~tactically~*~*~ (stealth).
1287 ||| Stepping ~*~*~tactically~*~*~ (stealth).
e - a scroll labelled CIRO KEXAIL Sigmund the Dreaded comes into view.
He is wielding a +0 scythe.
Sigmund shouts!
A hobgoblin comes into view.
The hobgoblin shouts!
Sigmund hits you from afar with a +0 scythe.
You barely miss the adder. The adder bites you. Sigmund closely misses you.
You completely miss the adder. The adder bites you.
You closely miss the adder. The adder closely misses you.
Sigmund hits you from afar with a +0 scythe!
The adder misses you.
You scratch the adder.
The adder is moderately wounded.
The hobgoblin hits you but does no damage.
The adder barely misses you.
Sigmund hits you from afar with a +0 scythe.
You scratch the adder but do no damage.
The adder is moderately wounded.
The hobgoblin hits you. The adder bites you but does no damage.
You scratch the adder.
The adder is severely wounded.
The adder bites you but does no damage. The hobgoblin hits you.
Sigmund closely misses you.
You scratch the adder.
You kill the adder!
You feel better. The hobgoblin hits you.
You claw the hobgoblin!
You kill the hobgoblin!
Sigmund gestures at you while chanting. The puff of flame hits you.
Found 14 gold pieces.
Sigmund hits you with a +0 scythe!
You die...

.....### #...
.......#####.### ##.
..........<..#####..
......#........S.#.#
........##...###...#
..................###
.............####...###.
.###...........#........
. ....#.........@@.....$
..####.....###.........
.. ........# ##........
######### #........
#####..## .... ##.


You could see Sigmund.

Vanquished Creatures
  An adder (D:2)
  4 endoplasms
  A giant cockroach (D:1)
  2 goblins
  3 hobgoblins
  3 jackals (D:1)
  A kobold (D:1)
  A quokka (D:1)
  2 ball pythons
  2 frilled lizards (D:1)
  4 rats
24 creatures vanquished.

Vanquished Creatures (others)
  A fungus (D:1)
  2 plants (D:1)
3 creatures vanquished.

Grand Total: 27 creatures vanquished

Notes
Turn   | Place    | Note
-------+----------+-------------------------------------------
     0 | D:1      | qw the Ghoul Fire Elementalist began the quest for the Orb.
     0 | D:1      | Reached XP level 1. HP: 14/14 MP: 2/2
     0 | D:1      | 0 ||| qw: Version: 0.1-a-90-g952f4b7
     0 | D:1      | 0 ||| qw: Game counter: 4310
     0 | D:1      | 0 ||| qw: Always use a shield: true
     0 | D:1      | 0 ||| qw: God list: Okawaru
     0 | D:1      | 0 ||| qw: Allow faded altars: false
     0 | D:1      | 0 ||| qw: Do Orc after D:15 true
     0 | D:1      | 0 ||| qw: Do second Lair branch before Depths: true
     0 | D:1      | 0 ||| qw: Lair rune preference: random
     0 | D:1      | 0 ||| qw: Plans: Normal
     0 | D:1      | 0 ||| PLANNING D:1-11
    93 | D:1      | Reached skill level 1 in Unarmed Combat
   160 | D:1      | 160 ||| Stepping ~*~*~tactically~*~*~ (stealth).
   164 | D:1      | 164 ||| Stepping ~*~*~tactically~*~*~ (outnumbered).
   177 | D:1      | Reached skill level 1 in Fighting
   177 | D:1      | Reached XP level 2. HP: 11/23 MP: 3/3
   520 | D:1      | 520 ||| Stepping ~*~*~tactically~*~*~ (stealth).
   522 | D:1      | 522 ||| Stepping ~*~*~tactically~*~*~ (outnumbered).
   524 | D:1      | 524 ||| Stepping ~*~*~tactically~*~*~ (outnumbered).
   524 | D:1      | Found a faded altar of an unknown god.
   527 | D:1      | 527 ||| Stepping ~*~*~tactically~*~*~ (outnumbered).
   530 | D:1      | 530 ||| Stepping ~*~*~tactically~*~*~ (outnumbered).
   531 | D:1      | 531 ||| Stepping ~*~*~tactically~*~*~ (outnumbered).
  1114 | D:1      | 1114 ||| UPGRADING to +0 ring mail.
  1124 | D:1      | 1124 ||| DROPPING +0 robe.
  1125 | D:1      | 1125 ||| DROPPING potion of magic.
  1256 | D:2      | 1256 ||| Stepping ~*~*~tactically~*~*~ (stealth).
  1257 | D:2      | 1257 ||| Stepping ~*~*~tactically~*~*~ (stealth).
  1259 | D:2      | 1259 ||| Stepping ~*~*~tactically~*~*~ (stealth).
  1262 | D:2      | Reached XP level 3. HP: 27/28 MP: 4/4
  1267 | D:2      | 1267 ||| Stepping ~*~*~tactically~*~*~ (outnumbered).
  1286 | D:2      | 1286 ||| Stepping ~*~*~tactically~*~*~ (stealth).
  1287 | D:2      | 1287 ||| Stepping ~*~*~tactically~*~*~ (stealth).
  1291 | D:2      | Noticed Sigmund
  1301 | D:2      | HP: 7/28 [hobgoblin (2)]
  1302 | D:2      | HP: 2/28 [Sigmund/puff of flame (5)]
  1303 | D:2      | Mangled by Sigmund

Levels and vault maps discovered:
D:1:      tarquinn_simple_flora_water_e, layout_rooms, serial_forest,
          infiniplex_forest_corner_1, infiniplex_forest_3_way,
          infiniplex_forest_lined_room_3, infiniplex_forest_straight_5,
          infiniplex_forest_split, dreamdust_ecumenical_altar_grove,
          minmay_misc_feat_four_crosses
D:2:      layout_rooms, basic_altar, uniq_terence, uniq_sigmund

Skill      XL: |  1  2 |
---------------+-------+-----
Unarmed Combat | 1 2 |  2.8
Fighting       | 1 |  1.2
Dodging        | |  1.7
Stealth        | |  2.1
Spellcasting   | |  1.7
Conjurations   | |  0.7
Fire Magic     | |  2.4

Action                   || total
-------------------------++-------
Melee: Unarmed           ||    80
Armor: Robe              ||     6
       Ring mail         ||     4
Dodge: Dodged            ||    46

Table legend:
 A = Non-vault XP
 B = Vault XP
 C = Vault XP percentage of total XP
 D = Non-vault monster count
 E = Vault monster count
 F = Vault count percentage of total count
                 A         B        C        D         E       F
            +---------+---------+-------+---------+---------+-------
      Total |      52 |       0 |   0.0 |      24 |       0 |   0.0
            +---------+---------+-------+---------+---------+-------
        D:1 |      28 |       0 |   0.0 |      16 |       0 |   0.0
        D:2 |      24 |       0 |   0.0 |       8 |       0 |   0.0
            +---------+---------+-------+---------+---------+-------
